 Dungeon Crawl Stone Soup version 0.30.1-1-g62c8e00024 (webtiles) character file.

Game seed: 15910411487462461448

1180 Gorgoleon the Carver (level 8, -4/58 HPs)
             Began as a Human Monk on July 16, 2023.
             Engulfed by a steam dragon's steam (5 damage)
             ... on level 6 of the Dungeon.
             The game lasted 00:14:02 (5534 turns).

Gorgoleon the Carver (Human Monk)                   Turns: 5534, Time: 00:14:03

Health: -4/58      AC:  7    Str: 13    XL:     8   Next: 69%
Magic:  8/8        EV: 11    Int: 11    God:
Gold:   293        SH:  0    Dex: 16    Spells: 7/7 levels left

rFire   . . .        a - +1 falchion (freeze)
rCold   . . .        d - orb {light}
rNeg    . . .        k - +0 ring mail
rPois   .            (no helmet)
rElec   .            (no cloak)
rCorr   .            o - +1 pair of gloves
SInv    .            (no boots)
Will    .....        (no amulet)
Stlth   +            (no ring)
HPRegen 0.29/turn    (no ring)
MPRegen 0.11/turn

%: no passive effects
@: glowing
A: no striking features
a: no special abilities


You were on level 6 of the Dungeon.
You visited 2 branches of the dungeon, and saw 7 of its levels.

You collected 293 gold pieces.

Inventory:

Hand Weapons
 a - a +1 falchion of freezing (weapon)
Missiles
 f - 76 stones (quivered)
 g - 5 javelins
Armour
 d - an orb of light (worn)
 k - a +0 ring mail (worn)
 o - a +1 pair of gloves (worn)
Jewellery
 b - a ring of resist corrosion
 h - an amulet of reflection
Scrolls
 l - a scroll of immolation {unknown}
 n - 2 scrolls of identify
 p - 3 scrolls of teleportation
 s - a scroll of noise {unknown}
 t - 2 scrolls of amnesia {unknown}
 u - a scroll of enchant armour
Potions
 c - 2 potions of ambrosia
 e - 2 potions of attraction {unknown}
 i - 3 potions of brilliance
 j - 2 potions of berserk rage {unknown}
 m - 4 potions of curing
 q - a potion of mutation
 r - 2 potions of heal wounds


   Skills:
 - Level 3.0 Fighting
 + Level 9.5 Long Blades
 - Level 2.0 Throwing
 - Level 3.0 Armour
 - Level 3.0 Dodging


You had 7 spell levels left.
You didn't know any spells.
Your spell library contained the following spells:

 Spells                   Type           Power      Damage    Failure   Level
 Slow                     Hex            0%         N/A       58%         1
 Confusing Touch          Hex            0%         N/A       91%         3
 Vampiric Draining        Necr           0%         2d6       91%         3
 Animate Dead             Necr           0%         N/A       100%        4
 Iskenderun's Battlesphe  Conj           0%         2d6       100%        5
 Iron Shot                Conj/Erth      0%         9d1       100%        6
 Haunt                    Necr/Summ      0%         N/A       100%        7
 Spellforged Servitor     Conj/Summ      0%         N/A       100%        7
 Infestation              Necr           0%         N/A       100%        8


Dungeon Overview and Level Annotations

Branches:
Dungeon (6/15)             Temple (1/1) D:4

Altars:
Ashenzari
Cheibriados
Elyvilon
Gozag
Makhleb
Qazlal
Ru
Trog
Uskayaw
Wu Jian
Xom
Yredelemnul
Zin

Shops:
D:1 (


Message History

The ball of steam hits you!
You hit the steam dragon. You freeze the steam dragon.
The steam dragon is moderately wounded.
You are engulfed in a cloud of scalding steam.
The steam dragon bites you but does no damage.
The steam dragon claws you.
You are too injured to fight recklessly!
You hit the steam dragon but do no damage.
The steam dragon is moderately wounded.
You are engulfed in a cloud of scalding steam.
The steam dragon bites you but does no damage.
The steam dragon claws you but does no damage.
You hit the steam dragon. You freeze the steam dragon.
The steam dragon is heavily wounded.
The steam dragon bites you but does no damage.
The steam dragon barely misses you.
You hit the steam dragon but do no damage.
The steam dragon is heavily wounded.
The steam dragon barely misses you. The steam dragon claws you.
You slash the steam dragon! You freeze the steam dragon.
The steam dragon is almost dead.
You barely miss the steam dragon.
The steam dragon is almost dead.
The steam dragon bites you.
* * * LOW HITPOINT WARNING * * *
The steam dragon barely misses you.
You hit the steam dragon. You freeze the steam dragon.
The steam dragon is almost dead.
The steam dragon bites you but does no damage.
The steam dragon claws you.
* * * LOW HITPOINT WARNING * * *
You completely miss the steam dragon.
The steam dragon is almost dead.
The steam dragon breathes steam at you. The ball of steam hits you!
* * * LOW HITPOINT WARNING * * *
You barely miss the steam dragon.
The steam dragon is almost dead.
You are engulfed in a cloud of scalding steam.
You die...

### ### ....
..# # .#
#.##.##.#
.###.###.#
#.D@ยงยง..#
...(...<.#
####.####
..##.##### #.#
####.##
##.#...#
#......#
##.#...#
#......##.#####
#......##.####


You could see a steam dragon (catching breath).

Vanquished Creatures
  A black bear (D:4)
  2 phantoms
  Blork the orc (D:4)
  A bullfrog (D:5)
  3 scorpions
  2 howler monkeys (D:5)
  A hound (D:5)
  4 orc priests
  A sleepcap (D:4)
  4 iguanas
  3 orc wizards (D:5)
  11 adders
  2 shadow imps
  An ufetubus (D:6)
  A worm (D:2)
  A dart slug (D:1)
  13 orcs (D:5)
  10 ball pythons
  6 endoplasms
  4 giant cockroaches
  6 goblins
  7 hobgoblins
  4 kobolds
  4 quokkas
  9 bats
  4 frilled lizards
  6 rats
112 creatures vanquished.

Notes
Turn   | Place    | Note
-------+----------+-------------------------------------------
     0 | D:1      | Gorgoleon the Human Monk began the quest for the Orb.
     0 | D:1      | Reached XP level 1. HP: 18/18 MP: 1/1
   154 | D:1      | Found Femittic's Weapon Shop.
   186 | D:1      | Reached XP level 2. HP: 24/24 MP: 2/2
   225 | D:1      | Reached skill level 1 in Throwing
   467 | D:1      | Reached XP level 3. HP: 28/29 MP: 3/3
  1068 | D:2      | Reached skill level 4 in Long Blades
  1150 | D:2      | Reached XP level 4. HP: 30/35 MP: 4/4
  2001 | D:3      | Reached XP level 5. HP: 37/41 MP: 5/5
  2316 | D:3      | Reached skill level 5 in Long Blades
  2320 | D:3      | Found a snail-covered altar of Cheibriados.
  2930 | D:4      | Identified the +3 ring mail of the Present {Harm}
  3063 | D:4      | Reached XP level 6. HP: 47/47 MP: 6/6
  3195 | D:4      | Found a staircase to the Ecumenical Temple.
  3211 | Temple   | Entered the Ecumenical Temple
  3352 | D:4      | Noticed Blork the orc
  3368 | D:4      | Killed Blork the orc
  3369 | D:4      | Reached skill level 6 in Long Blades
  4087 | D:5      | Entered Level 5 of the Dungeon
  4105 | D:4      | Reached skill level 1 in Armour
  4172 | D:5      | Reached XP level 7. HP: 42/52 MP: 7/7
  4306 | D:4      | Reached skill level 7 in Long Blades
  4611 | D:5      | Reached XP level 8. HP: 58/58 MP: 8/8
  4644 | D:5      | Reached skill level 8 in Long Blades
  5080 | D:6      | Found a sacrificial altar of Ru.
  5080 | D:6      | Found a burning altar of Makhleb.
  5081 | D:6      | Found a bloodstained altar of Trog.
  5081 | D:6      | Found a broken altar of Ashenzari.
  5081 | D:6      | Found an ornate altar of the Wu Jian Council.
  5195 | D:6      | Reached skill level 9 in Long Blades
  5533 | D:6      | HP: 1/58 [steam dragon/ball of steam (13)]
  5534 | D:6      | Engulfed by a steam dragon's steam

Illustrated notes

Levels and vault maps discovered:
D:1:      eino_arrival_druids_welcome, layout_loops_corners, serial_shops,
          nicolae_shop_statue_plus
D:2:      layout_basic, nicolae_figureground_pulse
D:3:      layout_rooms, mainiacjoe_overflow_alcove_1, serial_forest,
          infiniplex_forest_lined_3, infiniplex_forest_clump_curved,
          infiniplex_forest_zigzag_1, infiniplex_forest_lined_2,
          infiniplex_forest_clump_medium, infiniplex_forest_lined_3,
          infiniplex_forest_end_double, infiniplex_forest_zigzag_1,
          kennysheep_another_room
D:4:      layout_cave_pods, temple_green, kennysheep_boxes, uniq_blork_the_orc
D:5:      layout_cave_pools
D:6:      layout_loops_cross, grunt_temple_overflow_open, minmay_manual_monolith
Temple:   nicolae_temple_little_seven

Skill      XL: |  1  2  3  4  5  6  7  8 |
---------------+-------------------------+-----
Throwing       | 1 2 |  2.0
Long Blades    | 4 5 6 7 9 |  9.5
Armour         | 1 3 |  3.0
Fighting       | |  3.0
Dodging        | |  3.0

Action                     |  1- 3 |  4- 6 |  7- 9 || total
---------------------------+-------+-------+-------++-------
  Melee: Falchion          |    68 |   142 |   150 ||   360
    Use: Scroll            |       |    13 |       ||    13
         Potion            |       |       |     1 ||     1
 Armour: Robe              |    10 |    17 |       ||    27
         Ring mail         |       |    15 |    59 ||    74
  Dodge: Dodged            |    47 |    75 |    73 ||   195
